 Dungeon Crawl Stone Soup version 0.22-a0-49-g614aadd (webtiles) character file.

218 gmonis the Firebug (level 5, -8/38 HPs)
             Began as a Draconian Fire Elementalist on Jan 8, 2018.
             Killed from afar by Ijyb (18 damage)
             ... with a wand of acid (3)
             ... on level 4 of the Dungeon.
             The game lasted 00:08:41 (3988 turns).

gmonis the Firebug (Draconian Fire Elementalist)    Turns: 3988, Time: 00:08:41

Health: -8/38      AC:  5    Str: 10    XL:     5   Next: 63%
Magic:  2/9        EV: 12    Int: 17    God:
Gold:   158        SH:  0    Dex: 11    Spells: 2/10 levels left

rFire    . . .     SeeInvis .   (no weapon)
rCold    . . .     Gourm    .   (no shield)
rNeg     . . .     Faith    .   (armour unavailable)
rPois    .         Spirit   .   (helmet restricted)
rElec    .         Reflect  .   (no cloak)
rCorr    .         Harm     .   (no gloves)
MR       .....                  (no boots)
Stlth    +.........             (no amulet)
HPRegen  0.12/turn              g - ring of loudness (curse)
MPRegen  0.11/turn              (no ring)

@: very slightly contaminated
A: unfitting armour, cold-blooded, AC +5
a: no special abilities


You were on level 4 of the Dungeon.
You were very hungry.

You visited 1 branch of the dungeon, and saw 4 of its levels.

You collected 158 gold pieces.

Inventory:

Missiles
 f - 103 stones (quivered)
Jewellery
 g - a cursed ring of loudness (left hand)
Scrolls
 h - 2 scrolls of remove curse {unknown}
 i - 2 scrolls of enchant armour {unknown}
 k - 2 scrolls of identify {unknown}
 l - a scroll of magic mapping {unknown}
Potions
 c - 2 potions of mutation {unknown}
 d - 4 potions of flight {unknown}
 e - 2 potions of degeneration {unknown}
 j - a potion of lignification {unknown}
 m - a potion of curing {unknown}
Books
 a - a book of Flames

   Spells                             Type                      Level
   a - Flame Tongue                   Conjuration/Fire             1
   b - Throw Flame                    Conjuration/Fire             2
   c - Conjure Flame                  Conjuration/Fire             3
   d - Inner Flame                    Hexes/Fire                   3
   e - Sticky Flame                   Conjuration/Fire             4
   f - Fireball                       Conjuration/Fire             5
Comestibles
 b - 7 rations


   Skills:
 - Level 1.7 Dodging
 - Level 1.7 Stealth
 + Level 3.0 Spellcasting
 * Level 3.2 Conjurations
 * Level 4.8 Fire Magic


You had 2 spell levels left.
You knew the following spells:

 Your Spells              Type           Power        Failure   Level  Hunger
a - Flame Tongue          Conj/Fire      ###..        3%          1    None
b - Conjure Flame         Conj/Fire      ###.....     10%         3    ###....
c - Sticky Flame          Conj/Fire      ###.....     32%         4    ####...


Dungeon Overview and Level Annotations

Branches:
Dungeon (4/15)
 Temple: D:4-7

Altars:
Dithmenos
Kikubaaqudgha
Makhleb
Qazlal
Ru
Wu Jian
Zin
The Shining One

Annotations:
D:4 Ijyb


Innate Abilities, Weirdness & Mutations

Your plain brown scales are hard. (AC +5)
You cannot fit into any form of body armour.
You are cold-blooded and may be slowed by cold attacks.


Message History

Press: ? - help, Shift-Dir - straight line, f - Ijyb
Aim: Ijyb, wielding an enchanted club and wearing a leather armour You miscast Sticky Flame.
You are very lightly contaminated with residual magic.
You feel a strange surge of energy! Ijyb hits you with an enchanted club.
Casting: Sticky Flame
Confirm with . or Enter, or press ? or * to list all spells.
Aiming: Sticky Flame
Press: ? - help, Shift-Dir - straight line, f/p - Ijyb
Aim: Ijyb, wielding an enchanted club and wearing a leather armour You miscast Sticky Flame.
The air around you burns with energy!
You are feeling very hungry.
Ijyb hits you but does no damage.
You see here a club.
Ijyb zaps a wand.
The bolt of acid hits you!
You are splashed with acid!
The acid burns!
* * * LOW HITPOINT WARNING * * *
It is a wand of acid (3).
Ijyb zaps a wand.
The bolt of acid hits you!
You die...

###...## ..## #.
#......###.... ...
##............ ..#
#....)...# #.#
+...####g.# #.# +..
##.# ##.# . ##
###.######..# ##..
#.###...##).....###....
#.....@....###.....##.
#..#####.#### #.....#..
#. #.# #........ #.#
##..#..... .#
#.#####...#.....
#..###...............
#........####......#
##....#..####........
..........###.....#...


You could see Ijyb.

Vanquished Creatures
  A scorpion (D:4)
  2 orc wizards (D:3)
  4 adders
  2 worms
  2 dart slugs
  4 leopard geckos
  8 orcs
  3 bats (D:1)
  3 giant cockroaches
  8 goblins
  5 hobgoblins
  2 jackals (D:1)
  5 frilled lizards
  10 kobolds
  A leopard gecko skeleton (D:2)
  6 rats
66 creatures vanquished.

Notes
Turn   | Place    | Note
-------+----------+-------------------------------------------
     0 | D:1      | gmonis the Draconian Fire Elementalist began the quest for the Orb.
     0 | D:1      | Reached XP level 1. HP: 14/14 MP: 3/3
   419 | D:1      | Reached XP level 2. HP: 15/20 MP: 0/5
  1036 | D:1      | Reached XP level 3. HP: 26/26 MP: 1/6
  1167 | D:1      | Learned a level 3 spell: Conjure Flame
  1481 | D:2      | Reached skill level 4 in Fire Magic
  1745 | D:2      | Found an ancient bone altar of Kikubaaqudgha.
  2633 | D:3      | Reached XP level 4. HP: 33/33 MP: 5/7
  3081 | D:3      | Found a shadowy altar of Dithmenos.
  3132 | D:3      | Found a stormy altar of Qazlal.
  3136 | D:3      | Found a glowing golden altar of the Shining One.
  3136 | D:3      | Found an ornate altar of the Wu Jian Council.
  3139 | D:3      | Found a burning altar of Makhleb.
  3283 | D:3      | Reached XP level 5. HP: 37/38 MP: 2/9
  3454 | D:3      | Found a sacrificial altar of Ru.
  3608 | D:4      | Found a glowing silver altar of Zin.
  3724 | D:4      | Learned a level 4 spell: Sticky Flame
  3977 | D:4      | Noticed Ijyb
  3988 | D:4      | Killed from afar by Ijyb

Vault maps used:
D:1:      sevenhm_arrival_forest_fort_large_4
D:2:      kiku_gazebo_garden_becter
D:3:      nicolae_ru_the_path_less_chosen, minitemple, first_ration
D:4:      yredelemnul_forgotten_temple_becter, lemuel_crystal_altar,
          lemuel_crystal_altar, gammafunk_temple_overflow_wave, uniq_natasha,
          uniq_ijyb

Skill      XL: |  1  2  3  4  5 |
---------------+----------------+-----
Fire Magic     | 4 |  4.8
Conjurations   | 2 3 |  3.2
Spellcasting   | 3 |  3.0
Dodging        | |  1.7
Stealth        | |  1.7

Action                   |  1- 3 |  4- 6 || total
-------------------------+-------+-------++-------
Melee: Unarmed           |     2 |     2 ||     4
       Tailslap          |       |     1 ||     1
 Cast: Flame Tongue      |    77 |    56 ||   133
       Conjure Flame     |     1 |       ||     1
  Eat: Chunk             |     6 |     4 ||    10
Armor: Skin              |    13 |     6 ||    19
Dodge: Dodged            |    18 |    12 ||    30

Table legend:
 A = Spawn XP
 B = Non-spawn XP
 C = Spawn XP percentage of total XP
 D = Spawn monster count
 E = Non-spawn monster count
 F = Spawn count percentage of total count
 G = Total turns spent on level
                    A         B        C        D         E        F      G
               +---------+---------+-------+---------+---------+-------+---------
         Total |       0 |     312 |   0.0 |       0 |      66 |   0.0 |  3988
               +---------+---------+-------+---------+---------+-------+---------
           D:1 |       0 |      42 |   0.0 |       0 |      24 |   0.0 |  1168
           D:2 |       0 |      54 |   0.0 |       0 |      19 |   0.0 |  1461
           D:3 |       0 |     111 |   0.0 |       0 |      16 |   0.0 |   978
           D:4 |       0 |     105 |   0.0 |       0 |       7 |   0.0 |   381
               +---------+---------+-------+---------+---------+-------+---------
